 Dungeon Crawl Stone Soup version 0.31.0-9-g3a7656b989 (webtiles) character file.

Game seed: 8922947754322448647

1064 qw the Skirmisher (level 8, -5/46 HPs)
             Began as a Deep Elf Hunter on Feb 3, 2024.
             Was an Initiate of Okawaru.
             Succumbed to a scorpion's poison
             ... on level 4 of the Dungeon.
             The game lasted 00:00:30 (4444 turns).

qw the Skirmisher (Deep Elf Hunter)                 Turns: 4444, Time: 00:00:31

Health: -5/46      AC:  6    Str: 10    XL:     8   Next: 6%
Magic:  10/10      EV: 11    Int: 15    God:    Okawaru [......]
Gold:   241        SH:  0    Dex: 18    Spells: 7/7 levels left

rFire   . . .        b - +2 arbalest
rCold   . . .        (shield currently unavailable)
rNeg    . . .        h - +1 ring mail
rPois   .            (no helmet)
rElec   .            (no cloak)
rCorr   .            (no gloves)
SInv    .            (no boots)
Will    .....        (no amulet)
Stlth   +            (no ring)
HPRegen 0.27/turn    (no ring)
MPRegen 0.12/turn

%: no passive effects
@: lethally poisoned (-5 -> -23), about to teleport
A: no striking features
a: Renounce Religion


You were on level 4 of the Dungeon.
You worshipped Okawaru.
Okawaru was noncommittal.
You visited 2 branches of the dungeon, and saw 5 of its levels.
You also visited: Sewer.

You collected 299 gold pieces.
You spent 58 gold pieces at shops.


   Skills:
 - Level 3.0 Fighting
 - Level 12.0 Ranged Weapons
 - Level 1.0 Armour
 + Level 3.7 Dodging
 - Level 1.2 Stealth


You had 7 spell levels left.
You didn't know any spells.
Your spell library was empty.

Inventory:

Hand Weapons
 b - a +2 arbalest (weapon)
Armour
 h - a +1 ring mail (worn)
Scrolls
 a - a scroll of teleportation
Potions
 d - a potion of haste {unknown}
 f - a potion of cancellation {unknown}

Dungeon Overview and Level Annotations

Branches:
Dungeon (4/15)             Temple (1/1) D:4           Sewer (visited)

Altars:
Cheibriados
Dithmenos
Fedhas
Gozag
Kikubaaqudgha
Makhleb
Nemelex Xobeh
Okawaru
Qazlal
Ru
Sif Muna
Trog
Uskayaw
Vehumet
Wu Jian
Xom
Zin
The Shining One

Shops:
D:3 (   D:4 (

Annotations:
D:2 1 runed translucent door, Crazy Yiuf
D:3 2 transporters, qw's ghost, amateur DEHu


Message History

You shoot a bolt. The bolt hits the iguana!
The iguana is heavily wounded.
The iguana bites you!
A scorpion comes into view.
You shoot a bolt. The bolt hits the iguana!
The iguana is almost dead.
The iguana bites you but does no damage.
The iguana bites you!
You shoot a bolt. The bolt hits the iguana.
You kill the iguana!
Okawaru accepts your kill. The scorpion stings you.
You are poisoned.
The scorpion poisons you!
You shoot a bolt.
The bolt hits the scorpion but does no damage.
You feel very sick. The scorpion stings you.
You are more poisoned.
The scorpion poisons you!
The scorpion stings you but does no damage.
You shoot a bolt. The bolt barely misses the scorpion.
You feel very sick.
The scorpion stings you but does no damage.
An orc comes into view. It is wielding a +0 short sword.
The scorpion stings you but does no damage.
4442 ||| READING 2 scrolls of teleportation.
As you read the scroll of teleportation, it crumbles to dust.
You feel strangely unstable.
You feel very sick. The scorpion misses you.
A goblin comes into view.
It is wielding a +0 dagger and quivering poisoned darts.
You shoot a bolt. The bolt hits the scorpion.
The scorpion is moderately wounded.
You feel very sick. The scorpion stings you. The orc barely misses you.
The scorpion stings you.
You are more poisoned.
The scorpion poisons you!
You shoot a bolt. The bolt closely misses the scorpion.
You die...

##......## #..####..## #.##
##..# #.# #..### #.# #....##
#########.## ####..#
#........).# ' #.##.#
#......#.#'###.'...#.#
#.......##?@og### ##.#
######...[...#[)$s)#.###..#
.............#...[.#.....######
....##.......#..(..#...#......#
#.........##.##.?(##..##......#
#..........>.)#####.#.##......#
#.........####................#
####.#.#####...##...#.##...<..#
.......# #...#####..#.##......#


You could see a scorpion, an orc and a goblin.

Vanquished Creatures
  Sigmund (D:2)
  An ogre (D:4)
  A kobold brigand (Sewer)
  2 brain worms (Sewer)
  A scorpion (D:4)
  A bombardier beetle (D:4)
  An orc priest (D:3)
  2 iguanas (D:4)
  Jessica (D:2)
  Natasha (thrice) (D:2)
  2 sleepcaps (D:4)
  9 gnolls
  4 adders
  5 river rats (Sewer)
  3 ribbon worms
  3 dart slugs
  8 orcs
  10 endoplasms
  4 giant cockroaches
  6 goblins
  4 hobgoblins
  11 jackals
  16 kobolds
  4 quokkas
  10 ball pythons
  4 bats
  A frilled lizard (D:2)
  13 rats
131 creatures vanquished.

Notes
Turn   | Place    | Note
-------+----------+-------------------------------------------
     0 | D:1      | qw the Deep Elf Hunter began the quest for the Orb.
     0 | D:1      | Reached XP level 1. HP: 12/12 MP: 3/3
     0 | D:1      | 0 ||| qw: Version: 0.3-a-155-g5e7d8dd
     0 | D:1      | 0 ||| qw: Game counter: 3021
     0 | D:1      | 0 ||| qw: Melee chars always use a shield: true
     0 | D:1      | 0 ||| qw: God list: Okawaru
     0 | D:1      | 0 ||| qw: Allow faded altars: false
     0 | D:1      | 0 ||| qw: Do Orc after clearing Dungeon:15 true
     0 | D:1      | 0 ||| qw: Do second Lair branch before Depths: true
     0 | D:1      | 0 ||| qw: Lair rune preference: random
     0 | D:1      | 0 ||| qw: Goals: Normal
     0 | D:1      | 0 ||| PLANNING D:1-11
    55 | D:1      | 55 ||| RETREEEEATING.
   131 | D:1      | 131 ||| DROPPING +0 sling of flaming.
   149 | D:1      | Reached skill level 6 in Ranged Weapons
   149 | D:1      | Reached XP level 2. HP: 10/16 MP: 4/4
   611 | D:1      | Reached XP level 3. HP: 20/20 MP: 5/5
   938 | D:1      | 938 ||| UPGRADING to +0 ring mail.
   948 | D:1      | 948 ||| DROPPING +0 leather armour.
   949 | D:1      | 949 ||| READING 2 scrolls labelled ATZUEMN ZAMN.
   949 | D:1      | 949 ||| IDENTIFYING red potion
   950 | D:1      | 950 ||| READING scroll of identify.
   950 | D:1      | 950 ||| IDENTIFYING scroll labelled JAVANK VOJERGHI
   951 | D:1      | 951 ||| READING scroll labelled TIVUES YTOACAP.
   952 | D:1      | 952 ||| READING scroll labelled PISEMEAMEY.
   955 | D:1      | 955 ||| READING scroll labelled YKHOWUICEW.
   955 | D:1      | 955 ||| ENCHANTING +0 shortbow.
   956 | D:1      | 956 ||| DROPPING scroll of butterflies.
   957 | D:1      | 957 ||| DROPPING scroll of poison.
   958 | D:1      | 958 ||| DROPPING potion of brilliance.
   973 | D:2      | Reached skill level 7 in Ranged Weapons
  1062 | D:2      | Noticed Sigmund
  1063 | D:2      | 1063 ||| FLEEEEING.
  1064 | D:2      | 1064 ||| FLEEEEING.
  1066 | D:2      | 1066 ||| STAIRDANCE
  1095 | D:1      | 1095 ||| READING scroll labelled ZOWATO NEHUJOW.
  1406 | D:2      | Found a sparkling altar of Nemelex Xobeh.
  1495 | D:2      | Noticed Natasha
  1499 | D:2      | Killed Natasha
  1500 | D:2      | Reached XP level 4. HP: 25/25 MP: 6/6
  1507 | D:2      | Noticed Jessica
  1512 | D:2      | Killed Jessica
  1513 | D:2      | Reached skill level 8 in Ranged Weapons
  1610 | D:2      | Killed Sigmund
  1611 | D:2      | Reached skill level 9 in Ranged Weapons
  1611 | D:2      | Reached XP level 5. HP: 23/29 MP: 7/7
  1611 | D:2      | Reached XP level 6. HP: 27/34 MP: 8/8
  1636 | D:2      | Noticed Natasha
  1643 | D:2      | Killed Natasha
  1667 | D:2      | Noticed Natasha
  1673 | D:2      | Killed Natasha
  1883 | D:2      | Found a runed translucent door.
  1884 | D:2      | Noticed Crazy Yiuf
  1960 | D:3      | 1960 ||| PLANNING SEWER
  2009 | D:3      | HP: 8/35 [gnoll/+0 spear (8)]
  2206 | D:3      | Found a faded altar of an unknown god.
  2217 | D:3      | Found Kerphal's Weapon Shop.
  2230 | D:3      | 2230 ||| BUYING +0 arbalest (58 gold).
  2230 | D:3      | Bought a +0 arbalest for 58 gold pieces
  2230 | D:3      | 2230 ||| SWAPPING to +0 arbalest.
  2231 | D:3      | 2231 ||| DROPPING +1 shortbow.
  2321 | D:3      | Reached skill level 10 in Ranged Weapons
  2330 | D:3      | Found a transporter.
  2332 | D:3      | Noticed qw's ghost (amateur DEHu)
  2372 | D:3      | Found a glowing drain.
  2384 | Sewer    | Entered a sewer
  2409 | Sewer    | Reached skill level 3 in Dodging
  2663 | Sewer    | Reached XP level 7. HP: 40/40 MP: 9/9
  2833 | Sewer    | Reached skill level 11 in Ranged Weapons
  2892 | Sewer    | 2892 ||| READING scroll of enchant weapon.
  2892 | Sewer    | 2892 ||| ENCHANTING +0 arbalest.
  3149 | Sewer    | 3149 ||| READING scroll labelled ZEOTIOCUUW.
  3149 | Sewer    | 3149 ||| ENCHANTING +0 ring mail.
  3150 | Sewer    | 3150 ||| READING scroll labelled XETTOA ILATTYSSIA.
  3209 | Sewer    | 3209 ||| READING scroll labelled NOOWEG RUOPNAI.
  3226 | D:3      | 3226 ||| PLANNING D:1-11
  3281 | D:3      | Found a transporter.
  3348 | D:3      | 3348 ||| READING scroll of enchant weapon.
  3348 | D:3      | 3348 ||| ENCHANTING +1 arbalest.
  3518 | D:3      | Identified the +1 spear of the Ageless Youths {speed, Will-
                  | Dex+4}
  3849 | D:4      | Identified the +0 leather armour "Uxaod" {rN+ Slay+2}
  3851 | D:4      | Found a staircase to the Ecumenical Temple.
  3852 | D:4      | 3852 ||| PLANNING TEMPLE
  3852 | D:4      | 3852 ||| DROPPING +0 leather armour "Uxaod" {rN+ Slay+2}.
  3858 | D:4      | Reached skill level 12 in Ranged Weapons
  3865 | Temple   | Found a transporter.
  3865 | Temple   | Found a transporter.
  3865 | Temple   | Found a transporter.
  3865 | Temple   | Found a transporter.
  3865 | Temple   | Entered the Ecumenical Temple
  3866 | Temple   | 3866 ||| PLANNING D:1-11
  3886 | Temple   | 3886 ||| PLANNING OKAWARU WORSHIP
  3890 | Temple   | Became a worshipper of Warmaster Okawaru
  3891 | Temple   | 3891 ||| PLANNING D:1-11
  3999 | D:4      | Found Kagrya's Weapon Boutique.
  4081 | D:4      | 4081 ||| READING scroll labelled UBAMMUI IKAELOL.
  4087 | D:3      | Found a stormy altar of Qazlal.
  4099 | D:4      | Reached skill level 1 in Armour
  4220 | D:4      | 4220 ||| RETREEEEATING.
  4234 | D:4      | HP: 9/40 [frozen (4)]
  4235 | D:4      | 4235 ||| READING 3 scrolls of teleportation.
  4236 | D:4      | HP: 4/40 [frozen (3)]
  4430 | D:4      | 4430 ||| RETREEEEATING.
  4432 | D:4      | Reached skill level 3 in Fighting
  4432 | D:4      | Reached XP level 8. HP: 46/46 MP: 10/10
  4441 | D:4      | HP: 11/46 [poisoned by a scorpion]
  4442 | D:4      | 4442 ||| READING 2 scrolls of teleportation.
  4443 | D:4      | HP: 3/46 [scorpion (3)]
  4443 | D:4      | HP: 1/46 [scorpion (2)]
  4444 | D:4      | Succumbed to a scorpion's poison

Levels and vault maps discovered:
D:1:      giann_forest_graveyard, layout_loops_corners, minmay_split_cup_small
D:2:      layout_loops_ring, basic_altar, glass_columns_b, uniq_sigmund,
          uniq_crazy_yiuf_cottage, uniq_natasha, uniq_jessica
D:3:      layout_loops_corners, nicolae_overflow_ecumenical_swirl,
          gammafunk_ghost_mausoleum, cheibrodos_sewer_entry_bend, serial_shops,
          nicolae_shop_scrapyard, kennysheep_another_room, skrybe_limestone_x
D:4:      layout_rooms, minmay_temple_entry_sparse_star, serial_shops,
          nicolae_shop_crystal, minmay_joined_circles
Temple:   hellmonk_temple_divided_pantheon

Skill      XL: |  1  2  3  4  5  6  7 |
---------------+----------------------+-----
Ranged Weapons | 6 7 9 10 12 | 12.0
Fighting       | 2 3 |  3.0
Dodging        | 3 |  3.7
Armour         | 1 |  1.0
Stealth        | |  1.2

Action                     |  1- 3 |  4- 6 |  7- 9 || total
---------------------------+-------+-------+-------++-------
   Fire: Shortbow          |   136 |    63 |       ||   199
         Arbalest          |       |    49 |   118 ||   167
    Use: Scroll            |     6 |       |     8 ||    14
 Armour: Leather armour    |    28 |       |       ||    28
         Ring mail         |    11 |    18 |    60 ||    89
  Dodge: Dodged            |    34 |    24 |    49 ||   107

Table legend:
 A = Non-vault XP
 B = Vault XP
 C = Vault XP percentage of total XP
 D = Non-vault monster count
 E = Vault monster count
 F = Vault count percentage of total count
                 A         B        C        D         E       F
            +---------+---------+-------+---------+---------+-------
      Total |     547 |     974 |  64.0 |      88 |      43 |  32.8
            +---------+---------+-------+---------+---------+-------
        D:1 |      58 |       4 |   6.5 |      29 |       3 |   9.4
        D:2 |     102 |     296 |  74.4 |      17 |       3 |  15.0
        D:3 |     193 |       8 |   4.0 |      29 |       2 |   6.5
        D:4 |     194 |     256 |  56.9 |      13 |      12 |  48.0
      Sewer |       0 |     410 | 100.0 |       0 |      23 | 100.0
            +---------+---------+-------+---------+---------+-------
